 Dungeon Crawl Stone Soup version 0.31.0-1-g2c135a0 (webtiles) character file.

Game seed: 5657726816624898334

32057 Bennee the Basher (level 13, -4/81 HPs)
             Began as a Minotaur Berserker on Apr 9, 2024.
             Was a Priest of Trog.
             Slain by a tentacled starspawn (10 damage)
             ... on level 2 of the Abyss on Apr 11, 2024.
             The game lasted 05:27:11 (23117 turns).

Bennee the Basher (Minotaur Berserker)             Turns: 23117, Time: 05:27:11

Health: -4/81      AC: 26    Str: 27 (28) XL:     13   Next: 29%
Magic:  9/9        EV: 10    Int:  0      God:    Trog [***...]
Gold:   1027       SH: 11    Dex: 13      Spells: 12/12 levels left

rFire   . . .        M - +2 mace (protect)
rCold   + . .        c - +0 kite shield
rNeg    + + .        x - +4 chain mail {rN+}
rPois   .            (helmet restricted)
rElec   .            X - +2 cloak {rCorr}
rCorr   +            k - +0 pair of gloves
SInv    .            U - +0 pair of boots
Will    ++...        (no amulet) Stlth
                     C - ring of Roenus {rC+ rN+ Str+6}
HPRegen 1.00/turn    q - +6 ring of dexterity
MPRegen 0.11/turn

%: no passive effects
@: mighty, strong-willed, under a protective aura, on berserk cooldown, sick,
regenerating, slowed, lost intelligence, constricted, unable to read, very slow
A: horns 2, retaliatory headbutt, [clumsy 2], [deformed body], [deterioration
2], [dopey 2], [frail 3], [low MP 2], [screaming 2], [weak 2], [no potion heal
2], [inability to read after injury 2]
a: Renounce Religion, Berserk, Trog's Hand


You were on level 2 of the Abyss.
You worshipped Trog.
Trog was most pleased with you.
You visited 4 branches of the dungeon, and saw 15 of its levels.
You visited the Abyss 1 time.

You collected 1577 gold pieces.
You spent 550 gold pieces at shops.

Inventory:

Hand Weapons
 f - a +3 heavy demon blade
 p - a +2 mace of venom
 v - a +5 short sword
 M - a +2 mace of protection (weapon)
 S - a +4 quarterstaff of chaos
 Z - the +1 hammer "Qejiep" {heavy, rPois rC- Int+6}
   (You found it on level 5 of the Dungeon)

   Int+6:     It affects your intelligence (+6).
   rC-:       It makes you vulnerable to cold.
   rPois:     It protects you from poison
Missiles
 u - 4 silver javelins
 K - 3 throwing nets
Armour
 c - a +0 kite shield (worn)
 k - a +0 pair of gloves (worn)
 x - a +4 chain mail of positive energy (worn)
 N - a +0 robe of fire resistance
 T - a +4 chain mail of poison resistance
 U - a +0 pair of boots (worn)
 X - a +2 cloak of preservation (worn)
Jewellery
 q - a +6 ring of dexterity (right hand)
 s - a ring of willpower
 t - a +6 ring of dexterity
 C - the ring of Roenus (left hand) {rC+ rN+ Str+6}
   (You found it on level 2 of the Dungeon)

   [ring of strength]

   Str+6:     It affects your strength (+6).
   rC+:       It protects you from cold.
   rN+:       It protects you from negative energy.
 L - a +5 ring of evasion
Wands
 z - a wand of flame (39)
 R - a wand of polymorph (6)
Scrolls
 b - a scroll of noise {unknown}
 g - 3 scrolls of fear
 j - a scroll of enchant weapon
 r - 2 scrolls of immolation {unknown}
 w - 3 scrolls of revelation
 y - 2 scrolls of teleportation
 A - a scroll of amnesia {unknown}
 D - 3 scrolls of fog
 E - a scroll of silence
 F - a scroll of torment {unknown}
 O - a scroll of blinking {unknown}
Potions
 a - a potion of resistance {unknown}
 d - 3 potions of might
 i - 2 potions of enlightenment
 l - 5 potions of mutation
 o - 2 potions of magic {unknown}
 B - a potion of berserk rage
 H - 3 potions of invisibility
 I - 2 potions of lignification
 V - a potion of ambrosia


   Skills:
 + Level 11.0 Fighting
 - Level 14.0(14.8) Maces & Flails
 - Level 8.4(12.2) Staves
 + Level 13.2 Armour
 + Level 10.7 Dodging
 + Level 10.1 Shields


You had 12 spell levels left.
You didn't know any spells.
Your spell library contained the following spells:

 Spells                   Type           Power      Damage    Failure   Level
 Blink                    Tloc           0%         N/A       99%         2
 Lesser Beckoning         Tloc           0%         N/A       99%         2
 Momentum Strike          Conj/Tloc      0%         3d8       99%         2


Dungeon Overview and Level Annotations

Branches:
Dungeon (11/15)            Temple (1/1) D:5            Lair (0/5) D:11
    Orc (2/2) D:9             Elf (1/3) Orc:2

Altars:
Ashenzari
Cheibriados
Dithmenos
Elyvilon
Fedhas
Gozag
Hepliaklqana
Kikubaaqudgha
Makhleb
Nemelex Xobeh
Okawaru
Qazlal
Ru
Sif Muna
Trog
Uskayaw
Vehumet
Wu Jian
Xom
Yredelemnul
Zin
The Shining One

Shops:
D:3 ?   D:5 [   D:7 (?   Orc:2 [[=(

Annotations:
D:11 Sonja


Innate Abilities, Weirdness & Mutations

You have a pair of horns on your head.
You reflexively headbutt those who attack you in melee.
[You are very clumsy. (Dex -4)]
[Armour fits poorly on your strangely shaped body.]
[Your body often deteriorates upon taking damage.]
[You are very dopey. (Int -4)]
[You are extremely frail. (-30% HP)]
[Your magical capacity is very low. (-20% MP)]
[You frequently scream uncontrollably at your foes.]
[You are very weak. (Str -4)]
[Potions cannot restore your health.]
[You sometimes lose the ability to read scrolls when taking damage.]


Message History

You feel ill. The starcursed mass touches you.
* * * LOW HITPOINT WARNING * * *
A starspawn tentacle comes into view.
You bludgeon the tentacled starspawn!!
Your weapon exudes an aura of protection.
The tentacled starspawn is moderately damaged.
The starcursed mass touches you but does no damage.
You hit the tentacled starspawn.
The tentacled starspawn is moderately damaged.
You block the starspawn tentacle's attack.
You block the tentacled starspawn's attack. x2
The starcursed mass barely misses you. You furiously retaliate!
You headbutt the starcursed mass!! You hit the tentacled starspawn.
The tentacled starspawn is moderately damaged.
The tentacled starspawn barely misses you.
You furiously retaliate!
You headbutt the tentacled starspawn!!
You block the tentacled starspawn's attack.
A starcursed mass splits.
The starcursed mass shrieks in your mind.
* * * LOW HITPOINT WARNING * * *
The starspawn tentacle grabs you. The starspawn tentacle constricts you.
You barely miss the tentacled starspawn.
You headbutt the tentacled starspawn.
The tentacled starspawn is heavily damaged.
The starspawn tentacle constricts you.
* * * LOW HITPOINT WARNING * * *
The starcursed mass touches you but does no damage.
You feel ill.
You barely miss the tentacled starspawn.
You headbutt the tentacled starspawn!
The tentacled starspawn is severely damaged.
The tentacled starspawn bites you but does no damage.
The tentacled starspawn closely misses you.
A starcursed mass splits.
The starspawn tentacle constricts you.
The starcursed mass touches you but does no damage.
The starspawn tentacle constricts you.
You block the tentacled starspawn's attack.
The tentacled starspawn tentacle-slaps you!
You die...

# .. . ##.
# ## .. #
## ##. .#.#
# # .##.
..## ..#.
... # .....
.# .#
#X#...## #
# ##X#.# #
#.
##@#..#.#
#.. #wX#
#ยง# ..#..
##x##..##
##.....#.
...#
....####.#.
..# . #..#.
#
#..#...###
#....#.## .
.##.#..# .
.


You could see 2 starcursed masses, a tentacled starspawn, an ancient zyme and a
starspawn tentacle.

Vanquished Creatures
  2 orc warlords
  Josephine (D:11)
  3 two-headed ogres
  The ghost of malcoda the Cleaver, a novice NaBe of Trog (D:8)
  2 centaur warriors (D:9)
  A tengu warrior (D:8)
  4 orc high priests (Orc:2)
  A thrashing horror (Abyss:2)
  2 wretched stars (Abyss:2)
  An arcanist (D:9)
  An orc knight (D:9)
  Maurice (Orc:1)
  2 orc sorcerers
  2 cyclopes
  2 manticores
  5 kobold blastminers
  A rime drake (D:11)
  An ancient zyme (Abyss:2)
  A komodo dragon (D:10)
  3 trolls
  A polar bear (D:11)
  An alligator simulacrum (Abyss:2)
  5 wraiths (D:11)
  4 yaks (D:10)
  A steam dragon (D:8)
  3 wargs
  Menkaure (D:7)
  2 water moccasins
  Duvessa (D:7)
  38 orc warriors
  A sky beast (D:7)
  7 ice beasts (D:11)
  3 wolves (D:11)
  8 ogres
  2 centaurs
  A phantom (D:2)
  7 kobold brigands
  2 weeping skulls (Abyss:2)
  Blork the orc (D:5)
  3 small abominations (Abyss:2)
  5 bullfrogs
  A scorpion (D:5)
  Dowan (D:7)
  15 killer bees
  5 howler monkeys
  A crimson imp (D:9)
  A jelly (D:8)
  5 quasits (D:8)
  4 hounds
  An iron imp (Abyss:2)
  23 orc priests
  Crazy Yiuf (D:5)
  A sleepcap (D:4)
  2 starcursed masses (Abyss:2)
  Ijyb (D:4)
  5 iguanas
  26 orc wizards
  10 gnolls
  7 adders
  3 white imps
  3 ufetubi
  3 dart slugs
  A ribbon worm (D:2)
  96 orcs
  7 ball pythons
  7 endoplasms
  9 goblins
  5 hobgoblins
  7 jackals
  2 quokkas (D:1)
  5 bats (D:1)
  2 frilled lizards (D:1)
  22 kobolds
  3 rats
  A starspawn tentacle (Abyss:2)
420 creatures vanquished.

Vanquished Creatures (collateral kills)
  A tentacled starspawn (Abyss:2)
  An orc high priest (Orc:2)
  A large abomination (Abyss:2)
  4 orc warriors
  An orc priest (Orc:1)
  3 orcs
  A starspawn tentacle (Abyss:2)
12 creatures vanquished.

Vanquished Creatures (others)
  An orc wizard (Orc:1)
  A lurking horror (Abyss:2)
  17 starspawn tentacles (Abyss:2)
19 creatures vanquished.

Grand Total: 451 creatures vanquished

Notes
Turn   | Place    | Note
-------+----------+-------------------------------------------
     0 | D:1      | Bennee the Minotaur Berserker began the quest for the Orb.
     0 | D:1      | Reached XP level 1. HP: 19/19 MP: 0/0
    25 | D:1      | Reached skill level 4 in Maces & Flails
   159 | D:1      | Reached XP level 2. HP: 22/26 MP: 1/1
   561 | D:1      | Reached skill level 5 in Maces & Flails
   561 | D:1      | Reached XP level 3. HP: 15/31 MP: 2/2
  1100 | D:2      | Reached ** piety under Trog
  1424 | D:2      | Reached skill level 6 in Maces & Flails
  1424 | D:2      | Reached XP level 4. HP: 34/39 MP: 3/3
  1497 | D:2      | Identified the ring of Roenus {rC+ rN+ Str+6}
  1661 | D:2      | Noticed a phantom
  1669 | D:2      | Killed a phantom
  1670 | D:2      | Reached skill level 7 in Maces & Flails
  1670 | D:2      | Reached XP level 5. HP: 45/45 MP: 4/4
  2400 | D:3      | Found Uqopakin's Magic Scroll Shop.
  2403 | D:3      | Bought a scroll of identify for 24 gold pieces
  2403 | D:3      | Bought a scroll of enchant weapon for 90 gold pieces
  2450 | D:3      | Found a faded altar of an unknown god.
  2955 | D:3      | Found a hazy altar of Hepliaklqana.
  3583 | D:4      | Reached skill level 8 in Maces & Flails
  3695 | D:4      | Reached XP level 6. HP: 48/51 MP: 5/5
  4257 | D:4      | Reached skill level 9 in Maces & Flails
  4347 | D:4      | Noticed Ijyb
  4686 | D:4      | Killed Ijyb
  4687 | D:4      | Reached XP level 7. HP: 57/57 MP: 6/6
  4826 | D:3      | Bought a scroll of identify for 24 gold pieces
  4901 | D:4      | Found a shadowy altar of Dithmenos.
  5030 | D:3      | Bought a scroll of identify for 24 gold pieces
  5031 | D:3      | Bought a scroll of identify for 24 gold pieces
  5071 | D:5      | Entered Level 5 of the Dungeon
  5178 | D:5      | Noticed Blork the orc
  5525 | D:5      | Reached skill level 10 in Maces & Flails
  5580 | D:5      | Killed Blork the orc
  5723 | D:5      | Found Dodextiu's Antique Armour Boutique.
  5803 | D:5      | Found a runed translucent door.
  5804 | D:5      | Noticed Crazy Yiuf
  5806 | D:5      | Identified the +1 hammer "Qejiep" {heavy, rPois rC- Int+6}
  6137 | D:3      | Bought a scroll of teleportation for 36 gold pieces
  6242 | D:5      | Found a staircase to the Ecumenical Temple.
  6311 | D:5      | Reached skill level 11 in Maces & Flails
  6752 | Temple   | Entered the Ecumenical Temple
  7343 | D:6      | Reached XP level 8. HP: 64/64 MP: 7/7
  7547 | D:6      | Found a shimmering blue altar of Sif Muna.
  7673 | D:6      | Reached skill level 12 in Maces & Flails
  7686 | D:6      | Found a shimmering altar of Xom.
  7686 | D:6      | Found a glowing golden altar of the Shining One.
  8051 | D:6      | Found a white marble altar of Elyvilon.
  8183 | D:7      | Found an iron altar of Okawaru.
  8230 | D:7      | Noticed Menkaure
  8489 | D:7      | Killed Menkaure
  8547 | D:7      | Found a radiant altar of Vehumet.
  8677 | D:7      | Found a sparkling altar of Nemelex Xobeh.
  8885 | D:7      | Found Qaizuole's Hydra Hut.
  8888 | D:7      | Noticed a seven-headed hydra
  8902 | D:7      | Reached skill level 13 in Maces & Flails
  9133 | D:7      | Found Pavveng's Magic Scroll Shoppe.
  9141 | D:7      | Bought a scroll of identify for 22 gold pieces
  9207 | D:7      | Noticed Dowan
  9212 | D:7      | Noticed Duvessa
 10052 | D:7      | Reached skill level 14 in Maces & Flails
 10074 | D:7      | Killed Duvessa
 10327 | D:7      | Found a burning altar of Makhleb.
 10532 | D:7      | Killed Dowan
 10533 | D:7      | Reached XP level 9. HP: 71/71 MP: 8/8
 10607 | D:7      | Bought a scroll of fear for 44 gold pieces
 10607 | D:7      | Bought a scroll of identify for 22 gold pieces
 10608 | D:7      | Bought a scroll of identify for 22 gold pieces
 10609 | D:7      | Bought a scroll of identify for 22 gold pieces
 10854 | D:8      | Noticed a manticore
 10868 | D:8      | Killed a manticore
 10869 | D:8      | Reached skill level 5 in Fighting
 10869 | D:8      | Reached skill level 5 in Armour
 10911 | D:8      | Found a transporter.
 10925 | D:8      | Noticed malcoda's ghost (novice NaBe)
 11393 | D:8      | Found a snail-covered altar of Cheibriados.
 11908 | D:8      | Found a transporter.
 12154 | D:5      | Killed Crazy Yiuf
 12442 | D:9      | Reached *** piety under Trog
 12678 | D:9      | Noticed a cyclops
 12740 | D:9      | Reached skill level 1 in Staves
 12983 | D:9      | Noticed a centaur warrior
 12994 | D:9      | Killed a centaur warrior
 12995 | D:9      | Reached skill level 5 in Staves
 12995 | D:9      | Reached XP level 10. HP: 57/86 MP: 9/9
 13228 | D:9      | Killed a cyclops
 13491 | D:9      | Noticed a centaur warrior
 13504 | D:9      | Noticed a tengu warrior
 13525 | D:8      | HP: 6/193 [tengu warrior/+0 war axe (7)]
 13525 | D:8      | HP: 2/193 [tengu warrior/+0 war axe (4)]
 13526 | D:8      | Killed a tengu warrior
 13894 | D:9      | Reached skill level 1 in Shields
 14293 | D:9      | Reached skill level 5 in Shields
 14379 | D:9      | Found a staircase to the Orcish Mines.
 14547 | D:9      | Killed a centaur warrior
 14960 | D:9      | Noticed an arcanist
 14984 | D:9      | Killed an arcanist
 14987 | D:9      | Reached XP level 11. HP: 92/92 MP: 10/10
 15244 | D:8      | Killed malcoda's ghost
 15402 | D:10     | Entered Level 10 of the Dungeon
 15641 | Orc:1    | Entered Level 1 of the Orcish Mines
 15641 | Orc:1    | Noticed an orc sorcerer
 16022 | D:10     | Noticed a two-headed ogre
 16044 | D:10     | Killed a two-headed ogre
 16167 | D:10     | Noticed a two-headed ogre
 16193 | D:10     | Killed a two-headed ogre
 16377 | D:10     | Reached **** piety under Trog
 16464 | D:10     | Reached skill level 5 in Dodging
 16643 | D:10     | Found a broken altar of Ashenzari.
 16970 | Orc:1    | Noticed an orc knight
 16991 | D:9      | Killed an orc sorcerer
 17035 | D:9      | Killed an orc knight
 17423 | Orc:1    | Noticed Maurice
 17442 | Orc:1    | Something stole a +5 short sword
 17452 | Orc:1    | Something stole a +6 ring of dexterity
 17454 | Orc:1    | Something stole 4 silver javelins
 17456 | Orc:1    | Killed Maurice
 17457 | Orc:1    | Reached skill level 10 in Armour
 17666 | D:7      | Bought a scroll of revelation for 82 gold pieces
 17782 | D:3      | Bought a scroll of silence for 114 gold pieces
 17932 | Orc:2    | Entered Level 2 of the Orcish Mines
 17932 | Orc:2    | Found a staircase to the Elven Halls.
 18123 | Orc:2    | Noticed an orc high priest
 18141 | Orc:2    | Killed an orc high priest
 18408 | Orc:2    | Reached XP level 12. HP: 95/100 MP: 11/11
 18410 | Orc:2    | Reached ***** piety under Trog
 18847 | Orc:2    | Found Bonnus's Jewellery Boutique.
 19061 | Orc:2    | Noticed an orc high priest
 19061 | Orc:2    | Noticed an orc high priest
 19074 | Orc:2    | Killed an orc high priest
 19079 | Orc:2    | Killed an orc high priest
 19519 | Orc:2    | Noticed an orc high priest
 19547 | Orc:2    | Killed an orc high priest
 19573 | Orc:2    | Noticed an orc warlord
 19600 | Orc:2    | Killed an orc warlord
 19894 | Orc:2    | Noticed an orc high priest
 19944 | Orc:2    | Killed an orc high priest
 20313 | Orc:2    | Found Cyh Vekh's Armour Boutique.
 20477 | Orc:2    | Found Heuw's Antique Armour Emporium.
 20479 | Orc:2    | Found Jaulali's Antique Weapon Shoppe.
 20811 | Orc:1    | Noticed an orc warlord
 20830 | Orc:1    | Killed an orc warlord
 20831 | Orc:1    | Reached skill level 10 in Fighting
 21149 | Elf:1    | Entered Level 1 of the Elven Halls
 21481 | D:11     | Noticed Josephine
 21489 | D:11     | Killed Josephine
 21490 | D:11     | Reached skill level 10 in Dodging
 21678 | D:11     | Received a gift from Trog
 21685 | D:11     | Reached XP level 13. HP: 84/114 MP: 12/12
 21895 | D:11     | Found a staircase to the Lair.
 22315 | D:11     | Noticed Sonja
 22337 | D:11     | HP: 5/114 [Sonja/+1 short sword of distortion (4)]
 22337 | Abyss:2  | Cast into level 2 of the Abyss (Sonja)
 22454 | Abyss:2  | Noticed a tentacled starspawn
 22500 | Abyss:2  | Noticed a profane servitor
 22505 | Abyss:2  | Noticed a lich
 22736 | Abyss:2  | Noticed a lich
 22741 | Abyss:2  | Noticed a tentacled starspawn
 22748 | Abyss:2  | Found a corrupted altar of Lugonu.
 22748 | Abyss:2  | Killed a tentacled starspawn
 22753 | Abyss:2  | Noticed a bone dragon
 22753 | Abyss:2  | Noticed a tentacled starspawn
 22810 | Abyss:2  | Found a corrupted altar of Lugonu.
 22900 | Abyss:2  | Found a corrupted altar of Lugonu.
 22936 | Abyss:2  | Reached skill level 10 in Shields
 22945 | Abyss:2  | Noticed a tentacled starspawn
 23039 | Abyss:2  | Noticed a tentacled starspawn
 23042 | Abyss:2  | Noticed a tentacled starspawn
 23043 | Abyss:2  | Noticed a starcursed mass
 23079 | Abyss:2  | Lost intelligence.
 23105 | Abyss:2  | Noticed a tentacled starspawn
 23117 | Abyss:2  | Slain by a tentacled starspawn

Illustrated notes

Levels and vault maps discovered:
D:1:      lightli_arrival_flooded_house, layout_basic, hangedman_feature_mirror
D:2:      layout_loops_ring
D:3:      layout_loops_corners, nicolae_hepliaklqana_hippocampus,
          shapermc_ecumenical_altar_mp_highgroup, serial_shops,
          nicolae_shop_rolled_up, kennysheep_generic_room_2
D:4:      layout_basic, mainiacjoe_overflow_24_doors, uniq_ijyb
D:5:      layout_basic, minmay_temple_entry_statues_pillars, serial_shops,
          shop_fountains, uniq_blork_the_orc, uniq_crazy_yiuf_cottage
D:6:      layout_loops_ring, elyvilon_altar_5, nicolae_sif_muna_little_library,
          jmf_multi_god_temple
D:7:      cheibrodos_quashed, layout_layer_cave, lightli_temple_of_fire,
          nemelex_dance_club_becter, nicolae_vehumet_radiance, okawaru_trees_2,
          serial_shops, nicolae_shop_waterfront, doesnt_shop_hydraphobe,
          uniq_duvessa, uniq_menkaure
D:8:      layout_cave_pools, mainiacjoe_overflow_paths,
          gammafunk_ghost_stat_death, serial_park, serial_park_tiny_pond,
          serial_park_tiny_2, serial_park_tiny_pond, serial_park_tiny_2,
          serial_park_square2, grunt_ministairs_15
D:9:      minmay_chambers_of_sixes, layout_small_grid,
          kennysheep_orc_monster_closet_entryway, lightli_wizard_tower
D:10:     layout_roguey, ashenzari_conservatory_becter
D:11:     layout_stronghold, hellmonk_lair_entry_icy,
          serial_library_hellmonk_open_square, uniq_sonja, uniq_josephine
Temple:   hellmonk_temple_rainy
Orc:1:    layout_diamond_mine, uniq_maurice
Orc:2:    grunt_orc_community_town_hall, layout_diamond_mine,
          grunt_orc_community_big_house_1, grunt_orc_community_big_house_2,
          grunt_orc_community_house_1, grunt_orc_community_house_1,
          grunt_orc_community_house_2, grunt_orc_community_house_1
Elf:1:    layout_geoelf_diagonals, hangedman_corner_corridor, laboratory
Abyss:2:  base: Swamp:1, minivault_5, hangedman_elemental_corridor,
          evilmike_abyss_exit_15, evilmike_abyss_exit_16, abyss_furniture_001

Skill      XL: |  1  2  3  4  5  6  7  8  9 10 11 12 13 |
---------------+----------------------------------------+-----
Maces & Flails | 4 5 6 7 8 9 11 14 | 14.0
Fighting       | 4 7 10 11 | 11.0
Armour         | 3 6 10 12 13 | 13.2
Staves         | 5 8 |  8.4
Shields        | 8 9 10 | 10.1
Dodging        | 7 10 | 10.7

Action                     |  1- 3 |  4- 6 |  7- 9 | 10-12 | 13-15 || total
---------------------------+-------+-------+-------+-------+-------++-------
  Melee: Mace              |    69 |   103 |   184 |   656 |   148 ||  1160
         Headbutt          |     7 |    14 |    38 |   147 |    38 ||   244
         Whip              |       |       |    73 |    38 |       ||   111
         Punch             |       |       |     2 |       |       ||     2
         Quarterstaff      |       |       |    23 |    46 |       ||    69
 Invoke: Berserk           |     1 |     7 |     7 |    16 |     1 ||    32
         Trog's Hand       |       |     2 |     5 |     4 |     7 ||    18
         Brothers in Arms  |       |       |       |     2 |     3 ||     5
  Evoke: Wand              |       |       |       |     3 |       ||     3
    Use: Scroll            |       |     2 |     9 |     7 |     6 ||    24
         Potion            |       |       |     1 |     3 |    10 ||    14
   Stab: Distracted        |       |       |       |     1 |       ||     1
 Armour: Animal skin       |    35 |       |       |       |       ||    35
         Chain mail        |       |    76 |   157 |   461 |   123 ||   817
         Leather armour    |       |       |     1 |       |       ||     1
         Skin              |       |       |       |    29 |       ||    29
  Dodge: Dodged            |    34 |    31 |   114 |   303 |    51 ||   533
  Block: Kite shield       |       |       |       |   314 |    81 ||   395
